Map: Site Delta LE

Players

NecesaryPapr - Winner!

  • Race: Terran Terran
  • Spawn Location: 11:00

Chuff

  • Race: Protoss Protoss
  • League: Diamond
  • Spawn Location: 5:00

VOD

Have the link to the VOD?

Description

Time

  • Played on: Nov. 30, 2023, 4:01 p.m.
  • Length: 17:53
Show
View Real Time Build Order
Export as new Build Order

NecesaryPapr Terran - Winner!

Build Orders: Reaper Expand 

Get SALT Encoding   

  12  0:00  SCV  
  13  0:12  SCV  
  14  0:17  Supply Depot  
  14  0:24  SCV  
  15  0:39  SCV  
  15  0:40  Barracks  
  16  0:44  Refinery  
  16  0:51  SCV  
  17  1:07  SCV  
  18  1:19  SCV  
  19  1:28  Reaper  
  19  1:31  Orbital Command  
  20  1:45  Command Center  
  20  1:58  Supply Depot  
  20  2:01  Barracks Reactor  
  20  2:03  SCV  
  21  2:15  SCV  
  22  2:27  SCV  
  23  2:32  Barracks  
  23  2:35  Barracks  
  23  2:38  Marine x2  
  23  2:41  SCV  
  26  2:58  Marine x2  
  26  2:59  SCV  
  26  3:00  Orbital Command  
  29  3:11  SCV  
  30  3:14  Engineering Bay  
  30  3:16  Marine  
  30  3:17  Marine  
  32  3:24  SCV  
  33  3:27  Barracks Tech Lab x2  
  33  3:29  SCV  
  34  3:34  Marine  
  34  3:36  Supply Depot, SCV  
  34  3:40  Marine  
  34  3:41  SCV  
  38  3:48  Stimpack, SCV  
  39  3:50  Terran Infantry Weapons Level 1  
  39  3:53  SCV, Marine x2  
  39  3:55  Marine  
  43  3:59  Combat Shield  
  43  4:05  Marine  
  43  4:06  SCV x2  
  46  4:12  Supply Depot  
  46  4:13  Marine  
  46  4:17  Marauder  
  49  4:19  Marauder  
  49  4:21  SCV x2  
  53  4:25  Marine  
  54  4:34  SCV  
  54  4:35  Supply Depot  
  54  4:37  Marine  
  54  4:38  SCV  
  57  4:39  Supply Depot  
  57  4:43  Marine, Marauder x2  
  62  4:57  Marine, SCV x2  
  65  5:00  Command Center  
  65  5:02  Missile Turret  
  65  5:07  Marauder  
  65  5:08  Marauder  
  69  5:18  SCV x2  
  71  5:22  Marine x2  
  71  5:28  Factory, Marine x2  
  73  5:35  SCV  
  76  5:36  Refinery  
  76  5:38  Supply Depot, Refinery  
  76  5:40  Supply Depot  
  76  5:42  SCV  
  77  5:43  Marine  
  78  5:59  SCV, Marine  
  78  6:00  Marauder x2  
  77  6:19  Marine x2  
  77  6:21  Marauder x2  
  77  6:24  Widow Mine  
  67  6:37  Marine  
  67  6:38  SCV x2  
  70  6:42  Marauder x2  
  70  6:45  Widow Mine  
  76  6:50  SCV x2  
  76  6:52  Marine  
  79  6:55  Marine  
  79  6:57  Starport  
  79  6:59  Command Center  
  80  7:02  SCV  
  80  7:04  Barracks, Marauder x2  
  80  7:05  Barracks  
  85  7:09  Marine  
  85  7:13  Orbital Command  
  88  7:17  Factory Reactor  
  88  7:19  Concussive Shells  
  88  7:20  SCV  
  88  7:21  Terran Infantry Armor Level 1, SCV  
  88  7:25  Marauder  
  90  7:31  Marauder, Marine x2  
  90  7:32  SCV  
  90  7:34  SCV  
  96  7:44  SCV  
  96  7:47  Marauder  
  96  7:50  Marine x2  
  101  7:51  SCV x2  
  101  7:55  Marine  
  104  7:59  Barracks Tech Lab x2  
  104  8:01  SCV  
  104  8:03  SCV x2  
  107  8:06  Supply Depot  
  107  8:07  Refinery  
  107  8:08  Command Center, Refinery  
  107  8:11  Marine, Marauder  
  107  8:12  Supply Depot  
  110  8:13  SCV  
  110  8:15  SCV  
  106  8:38  Marauder, Marine  
  106  8:39  Marauder  
  107  8:52  Medivac  
  107  8:53  Factory Reactor, Medivac  
  111  8:58  Marine x2  
  111  9:00  Marauder x2  
  117  9:03  Engineering Bay  
  117  9:08  SCV x3  
  120  9:10  Armory  
  120  9:13  Starport  
  120  9:20  SCV x2  
  120  9:21  Marauder x2, SCV  
  120  9:22  Medivac  
  120  9:23  Supply Depot, Medivac  
  131  9:24  Supply Depot  
  131  9:27  Marine x4  
  135  9:38  Planetary Fortress  
  135  9:42  Marine  
  135  9:43  Widow Mine x2, Marauder  
  135  9:44  Marine x2  
  135  9:45  Marine x2  
  146  9:55  Medivac x2  
  146  9:57  SCV x2  
  152  10:00  Marine, Refinery  
  152  10:01  Orbital Command  
  152  10:02  Marine x3  
  152  10:03  Marine  
  157  10:07  Sensor Tower  
  157  10:08  Refinery  
  157  10:11  Refinery  
  157  10:12  Missile Turret, SCV x3  
  157  10:13  Marine  
  161  10:15  Command Center  
  161  10:16  Missile Turret  
  161  10:18  Marine  
  162  10:24  Marauder x2, Marine  
  162  10:26  Terran Infantry Weapons Level 2  
  162  10:28  Starport Reactor  
  167  10:46  Marauder x2  
  171  10:53  Supply Depot x2  
  171  10:54  Medivac x2, Marine x3  
  178  11:06  Terran Infantry Armor Level 2  
  178  11:14  Medivac x2  
  178  11:17  Supply Depot x2  
  182  11:20  Marauder x2  
  182  11:23  Ghost Academy  
  182  11:24  Medivac  
  188  11:40  Marine  
  188  11:41  Viking, Marauder x2  
  188  11:44  Viking  
  195  11:50  Marauder, Marine  
  195  11:51  Marauder  
  200  11:54  Widow Mine  
  200  11:58  Marine  
  166  12:02  Marauder x2  
  160  12:12  Marine, Marauder x2  
  160  12:13  Liberator x2  
  160  12:14  Liberator x2  
  176  12:16  Marine  
  159  12:23  Marauder x2  
  159  12:25  Widow Mine  
  165  12:31  Barracks  
  165  12:33  Barracks, Marauder  
  165  12:34  Marauder  
  169  12:42  Marine  
  169  12:43  Marine  
  171  12:45  Marauder x2  
  171  12:49  Fusion Core  
  175  12:56  Liberator  
  156  13:15  Marauder x4, Marine x2  
  140  13:29  Medivac, Widow Mine x2  
  140  13:30  Medivac x2  
  140  13:32  Marine  
  140  13:33  Marine  
  149  13:35  Ghost  
  149  13:36  Ghost x2, Marauder  
  149  13:37  SCV x3  
  154  13:50  Marine x2  
  152  13:57  Widow Mine x2  
  152  13:58  Marauder  
  156  14:05  Marauder x3  
  156  14:08  Marine x2  
  155  14:16  SCV x3  
  156  14:18  Widow Mine  
  156  14:19  Marauder  
  159  14:26  Liberator x3, Marauder x2, Marine x2  
  159  14:27  Marauder  
  169  14:34  Orbital Command  
  162  14:40  Marauder  
  162  14:44  Marine  
  165  14:46  Widow Mine x2  
  165  14:47  Marine  
  165  14:48  Marauder x3  
  162  15:02  Marauder, Marine  
  162  15:08  Ghost  
  162  15:09  Marauder x2  
  162  15:13  SCV x4  
  161  15:35  Ghost, Marauder x2  
  167  15:36  Liberator x2  
  167  15:37  Ghost, Marine  
  167  15:38  SCV  
  167  15:39  SCV x2  
  167  15:40  SCV  
  161  15:50  SCV  
  162  15:57  Marine  
  162  15:58  Marine x3  
  162  16:03  Marine  
  166  16:06  Marine  
  164  16:15  Marine x2  
  164  16:16  Marine x2  
  164  16:19  SCV x4  
  164  16:22  Marauder  
  164  16:26  Marine  
  165  16:33  Marine x2  
  167  16:48  SCV  
  167  16:52  Marine x5  
  167  16:53  Marine  
  167  17:07  Orbital Command  
  160  17:09  Marine  
  160  17:10  Liberator x2, Marine x5  
  160  17:11  Viking  
  177  17:21  Widow Mine x2  
  161  17:27  Marine x2  
  161  17:28  Marine x4  
  167  17:30  SCV  
  167  17:31  SCV x2  
Show
View Real Time Build Order
Export as new Build Order

Chuff Protoss 

Build Orders: 1 Gate Expand, Double Forge 

Get SALT Encoding   

  12  0:00  Probe  
  13  0:12  Probe  
  14  0:23  Pylon  
  14  0:24  Probe  
  15  0:41  Probe (Chrono Boost)  
  16  0:42  Gateway  
  16  0:46  Assimilator  
  16  0:53  Probe (Chrono Boost)  
  17  0:59  Probe (Chrono Boost)  
  18  1:07  Probe (Chrono Boost)  
  19  1:19  Probe (Chrono Boost)  
  20  1:27  Probe (Chrono Boost)  
  21  1:37  Probe  
  21  1:39  Nexus  
  22  1:42  Pylon  
  22  1:49  Probe  
  23  1:55  Cybernetics Core  
  23  2:01  Assimilator  
  23  2:02  Probe  
  23  2:08  Zealot  
  25  2:14  Probe  
  26  2:22  Pylon  
  26  2:26  Probe  
  27  2:33  Adept (Chrono Boost)  
  27  2:34  Shield Battery  
  28  2:38  Probe  
  28  2:41  Pylon  
  29  2:50  Probe  
  29  2:51  Probe (Chrono Boost)  
  30  3:02  Warp Gate (Chrono Boost)  
  30  3:03  Probe (Chrono Boost)  
  32  3:08  Probe (Chrono Boost)  
  32  3:12  Probe (Chrono Boost)  
  33  3:13  Gateway  
  33  3:15  Probe (Chrono Boost)  
  33  3:17  Probe  
  35  3:25  Pylon  
  35  3:26  Probe  
  36  3:29  Probe  
  37  3:37  Pylon  
  38  3:41  Probe x2 (Chrono Boost)  
  38  3:48  Shield Battery  
  39  3:52  Probe (Chrono Boost)  
  39  3:54  Probe (Chrono Boost)  
  41  3:57  Probe (Chrono Boost), Stalker  
  41  4:02  Assimilator  
  44  4:03  Probe  
  44  4:08  Probe  
  46  4:10  Gateway  
  46  4:12  Pylon  
  46  4:15  Probe  
  47  4:20  Probe  
  48  4:27  Probe  
  49  4:32  Probe  
  49  4:34  Robotics Facility  
  50  4:39  Forge, Probe  
  50  4:41  Forge  
  50  4:44  Twilight Council, Probe  
  52  4:49  Stalker  
  52  4:51  Sentry, Probe  
  57  4:56  Probe  
  58  5:03  Probe  
  58  5:04  Stalker  
  61  5:08  Probe  
  61  5:09  Gateway  
  61  5:10  Gateway  
  62  5:15  Probe  
  62  5:20  Probe  
  64  5:22  Stalker x2  
  64  5:27  Probe  
  69  5:32  Probe  
  69  5:35  Stalker  
  70  5:39  Probe  
  70  5:40  Photon Cannon  
  70  5:41  Blink  
  71  5:43  Shield Battery  
  71  5:45  Pylon  
  71  5:48  Stalker x2  
  75  5:57  Immortal  
  79  6:00  Stalker  
  79  6:02  Probe  
  79  6:03  Probe  
  70  6:13  Stalker x3  
  70  6:14  Stalker  
  69  6:26  Stalker  
  69  6:29  Protoss Ground Armor Level 1 (Chrono Boost), Protoss Ground Weapons Level 1 (Chrono Boost)  
  64  6:34  Probe x2  
  66  6:41  Assimilator  
  66  6:46  Probe x2  
  68  6:52  Stalker x4  
  76  6:58  Observer, Probe x2  
  78  7:05  Robotics Bay  
  78  7:09  Pylon  
  78  7:10  Probe x2  
  78  7:13  Photon Cannon  
  80  7:28  Nexus  
  80  7:32  Pylon  
  80  7:35  Stalker  
  82  7:38  Stalker  
  84  7:47  Stalker x2  
  84  7:49  Probe x2  
  90  7:54  Extended Thermal Lance (Chrono Boost)  
  90  8:01  Probe x2  
  90  8:03  Stalker x2  
  96  8:10  Warp Prism  
  98  8:13  Probe  
  98  8:25  Stalker x2  
  98  8:26  Stalker  
  103  8:28  Shield Battery  
  91  8:56  Stalker x4  
  91  8:57  Probe x2  
  91  9:00  Probe  
  102  9:07  Stalker  
  102  9:09  Probe x2  
  106  9:12  Probe, Charge  
  106  9:15  Assimilator  
  107  9:17  Assimilator  
  107  9:19  Pylon  
  107  9:21  Probe  
  107  9:23  Protoss Ground Armor Level 2 (Chrono Boost)  
  108  9:25  Zealot  
  108  9:26  Zealot x3  
  116  9:31  Nexus  
  116  9:32  Pylon  
  116  9:42  Photon Cannon  
  116  9:44  Pylon  
  116  9:46  Zealot x2  
  116  9:47  Zealot x3  
  116  9:50  Colossus (Chrono Boost)  
  126  9:53  Gravitic Boosters  
  126  9:59  Robotics Facility, Probe  
  133  10:12  Protoss Ground Weapons Level 2 (Chrono Boost)  
  133  10:18  Zealot x4  
  141  10:26  Probe x3  
  141  10:27  Shield Battery  
  144  10:30  Photon Cannon  
  144  10:32  Pylon  
  144  10:36  Disruptor (Chrono Boost)  
  148  10:45  Disruptor (Chrono Boost)  
  152  10:51  Pylon  
  152  10:54  Pylon  
  152  10:55  Assimilator  
  152  11:01  Assimilator, Disruptor (Chrono Boost), Photon Cannon x2  
  152  11:03  Observer  
  152  11:05  Zealot x5  
  166  11:13  Gravitic Drive  
  166  11:17  Disruptor (Chrono Boost)  
  170  11:28  Disruptor  
  170  11:31  Zealot x5  
  167  11:49  Gateway  
  167  11:50  Gateway  
  167  11:53  Gateway  
  157  12:07  Stalker x2  
  157  12:08  Stalker x3  
  154  12:24  Probe x3  
  154  12:27  Observer  
  158  12:32  Photon Cannon  
  158  12:34  Photon Cannon  
  158  12:36  Photon Cannon, Probe x3  
  161  12:37  Pylon  
  161  12:44  Zealot x2  
  163  12:48  Pylon  
  165  12:55  Probe x3  
  145  13:07  Probe  
  145  13:08  Probe  
  134  13:12  Disruptor  
  134  13:13  Disruptor  
  125  13:35  Zealot  
  125  13:36  Zealot x6  
  137  13:57  Stalker x2  
  135  14:11  Zealot x2  
  135  14:12  Zealot x3  
  141  14:17  Pylon  
  141  14:40  Colossus (Chrono Boost)  
  106  15:30  Zealot x4  
  106  15:31  Zealot x4  
  119  15:39  Observer (Chrono Boost)  
  115  15:52  Observer  
  82  16:42  Zealot x7  
  95  17:10  Nexus  
  65  17:26  Zealot  
  59  17:45  Stalker  
Tags
 
Add a new tag
Caveats
  • Supply blocks, unpowered buildings, or Contaminate may cause inaccurate times.
  • Supply counts are checked every 10 seconds.